 Dungeon Crawl Stone Soup version 0.29.1-4-g47bece8355 (webtiles) character file.

Game seed: 5720856460406440141

2 ChadusMaximus the Caller (level 1, -1/13 HPs)
             Began as a Human Summoner on Dec 9, 2022.
             Slain by a hobgoblin (2 damage)
             ... on level 1 of the Dungeon.
             The game lasted 00:00:19 (387 turns).

ChadusMaximus the Caller (Human Summoner)            Turns: 387, Time: 00:00:19

Health: -1/13      AC:  2    Str:  8    XL:     1   Next: 44%
Magic:  2/3        EV: 12    Int: 15    God:
Gold:   63         SH:  0    Dex: 13    Spells: 3/4 levels left

rFire   . . .      SeeInvis .   d - +0 club
rCold   . . .      Faith    .   (no shield)
rNeg    . . .      Spirit   .   a - +0 robe
rPois   .          Reflect  .   (no helmet)
rElec   .          Harm     .   (no cloak)
rCorr   .          Rampage  .   (no gloves)
Will    .....                   (no boots)
Stlth   ++........              (no amulet)
HPRegen 0.04/turn               (no ring)
MPRegen 0.08/turn               (no ring)

@: no status effects
A: no striking features
a: no special abilities


You were on level 1 of the Dungeon.
You visited 1 branch of the dungeon, and saw 1 of its levels.

You collected 63 gold pieces.

Inventory:

Hand Weapons
 d - a +0 club (weapon)
Armour
 a - a +0 robe (worn)
Scrolls
 e - a scroll of immolation {unknown}
 f - a scroll of identify {unknown}
Potions
 b - 2 potions of magic
 c - a potion of resistance {unknown}


   Skills:
 + Level 2.0 Dodging
 + Level 2.0 Stealth
 + Level 2.0 Spellcasting
 + Level 4.0 Summonings


You had 3 spell levels left.
You knew the following spells:

 Your Spells              Type           Power      Damage    Failure   Level
a - Summon Small Mammal   Summ           52%        N/A       4%          1

Your spell library contained the following spells:

 Spells                   Type           Power      Damage    Failure   Level
 Call Imp                 Summ           13%        N/A       6%          2
 Call Canine Familiar     Summ           13%        N/A       13%         3
 Summon Guardian Golem    Hex/Summ       7%         N/A       28%         3
 Summon Lightning Spire   Summ/Air       7%         N/A       67%         4


Dungeon Overview and Level Annotations

Branches:
Dungeon (1/15)

Altars:


Message History

No target in view!
No target in view!
No target in view!
You now have 47 gold pieces (gained 14).
Found a stone staircase leading down.
No target in view!
Found a whip.
No target in view!
Casting: Summon Small Mammal (safe; 4% risk of failure)
Confirm with . or Enter, or press ? or * to list all spells.
Key pressed, stopping explore.
No target in view!
No target in view!
Magic restored.
You now have 63 gold pieces (gained 16).
A hobgoblin comes into view.
Found 7 gold pieces.
The hobgoblin shouts!
A hobgoblin is nearby!
Found a runed spear.
A goblin comes into view. It is wielding a +0 club.
Found a scroll labelled BAMABY FUICUIGG.
The hobgoblin hits you.
Casting: Summon Small Mammal (safe; 4% risk of failure)
Confirm with . or Enter, or press ? or * to list all spells.
The hobgoblin misses you. The hobgoblin attacks as you move away!
The hobgoblin hits you.
* * * LOW HITPOINT WARNING * * *
Your rat barely misses the hobgoblin.
Your rat barely misses the hobgoblin.
Your rat barely misses the goblin.
The goblin attacks as you move away! The goblin closely misses you.
You barely miss the hobgoblin. The hobgoblin hits you.
* * * LOW HITPOINT WARNING * * *
The goblin hits you but does no damage.
Your rat bites the hobgoblin but does no damage.
Your rat closely misses the goblin.
You hit the hobgoblin.
The hobgoblin is moderately wounded.
The hobgoblin hits you.
You die...

.###........................#
#.......#..............#.###
#######.###.................
#.# #..............##
#.###.....##........#
...#....###........#
#.####............#
###...#......######## ##
##).....@...###
#..#....>rgg...#
#........r#..#
..#.........#..#
............##..#
.##.."......##..#
............#....
.##...............
#................


You could see a hobgoblin (ally target), a goblin and 2 friendly rats.

Vanquished Creatures
  A hobgoblin (D:1)
1 creature vanquished.

Vanquished Creatures (collateral kills)
  An endoplasm (D:1)
1 creature vanquished.

Grand Total: 2 creatures vanquished

Notes
Turn   | Place    | Note
-------+----------+-------------------------------------------
     0 | D:1      | ChadusMaximus the Human Summoner began the quest for the
                  | Orb.
     0 | D:1      | Reached XP level 1. HP: 13/13 MP: 3/3
   387 | D:1      | Slain by a hobgoblin

Illustrated notes

Levels and vault maps discovered:
D:1:      minmay_arrival_open_corners, layout_rooms

Action                   || total
-------------------------++-------
Melee: Unarmed           ||     7
       Club              ||     2
 Cast: Summon Small Mamm ||     4
Armor: Robe              ||     1
Dodge: Dodged            ||     8
